 Dungeon Crawl Stone Soup version 0.31-a0-7-g51783674b7 (webtiles) character file.

Game seed: 7345274633599791326

380 bande the Covered (level 6, -2/38 HPs)
             Began as a Gargoyle Fighter on May 6, 2023.
             Slain by a scorpion (5 damage)
             ... on level 4 of the Dungeon.
             The game lasted 00:06:50 (2807 turns).

bande the Covered (Gargoyle Fighter)                Turns: 2807, Time: 00:06:50

Health: -2/38      AC: 23    Str: 19    XL:     6   Next: 75%
Magic:  0/6        EV:  7    Int: 12    God:
Gold:   269        SH:  4    Dex: 10    Spells: 3/5 levels left

rFire   . . .        a - +1 war axe
rCold   . . .        c - +0 buckler
rNeg    + . .        e - +0 chain mail
rPois   ∞            (no helmet)
rElec   +            d - +0 cloak
rCorr   +            n - +1 pair of gloves
SInv    .            (no boots)
Will    .....        u - amulet of guardian spirit Stlth
                     f - ring of resist corrosion
HPRegen 0.26/turn    l - +4 ring of protection
MPRegen 0.10/turn

%: guardian spirit
@: no status effects
A: sickness immunity, AC +4, negative energy resistance 1, electricity
resistance, torment resistance 1, petrification resistance, iridescent scales 1,
clever 1
a: no special abilities


You were on level 4 of the Dungeon.
You visited 1 branch of the dungeon, and saw 4 of its levels.

You collected 269 gold pieces.

Inventory:

Hand Weapons
 a - a +1 war axe (weapon)
 j - a +0 longbow
 s - a +0 flail
Armour
 c - a +0 buckler (worn)
 d - a +0 cloak (worn)
 e - a +0 chain mail (worn)
 n - a +1 pair of gloves (worn)
Jewellery
 f - a ring of resist corrosion (left hand)
 l - a +4 ring of protection (right hand)
 u - an amulet of guardian spirit (around neck)
Wands
 v - a wand of flame (15)
 x - a wand of paralysis (8)
Scrolls
 m - 2 scrolls of teleportation
 p - 2 scrolls of poison
 q - 2 scrolls of enchant weapon
 r - a scroll of fog
 t - a scroll of identify
Potions
 b - 3 potions of heal wounds {unknown}
 g - a potion of mutation
 h - a potion of magic
 i - 2 potions of berserk rage
 k - a potion of curing
 o - a potion of flight
 w - a potion of degeneration {unknown}


   Skills:
 + Level 4.1 Fighting
 + Level 3.9 Axes
 + Level 4.5 Armour
 + Level 4.2 Shields
 * Level 1.9 Translocations
 * Level 1.3 Evocations


You had 3 spell levels left.
You knew the following spells:

 Your Spells              Type           Power      Damage    Failure   Level
a - Blink                 Tloc           8%         N/A       93%         2

Your spell library contained the following spells:

 Spells                   Type           Power      Damage    Failure   Level
 Lesser Beckoning         Tloc           8%         N/A       93%         2
 Slow                     Hex            0%         N/A       97%         1
 Momentum Strike          Conj/Tloc      4%         3d8       98%         2
 Ensorcelled Hibernation  Hex/Ice        0%         N/A       99%         2
 Confusing Touch          Hex            0%         N/A       100%        3
 Spider Form              Tmut/Pois      0%         N/A       100%        3
 Vampiric Draining        Necr           0%         2d6       100%        3
 Anguish                  Hex/Necr       0%         N/A       100%        4


Dungeon Overview and Level Annotations

Branches:
Dungeon (4/15)
 Temple: D:4-7

Altars:
Vehumet

Shops:
D:3 :


Innate Abilities, Weirdness & Mutations

You are immune to sickness and miasma.
Your stone body is resilient. (AC +4)
You are immune to poison.
You resist negative energy. (rN+)
You are resistant to electric shocks. (rElec)
You are resistant to unholy torment.
You are immune to petrification.
You are partially covered in iridescent scales. (AC +2)
Your mind is acute. (Int +4, Str/Dex -1)


Message History

The orc priest is moderately wounded.
You barely miss the orc. You barely miss the scorpion. You hit the orc wizard.
The orc closely misses you. The orc wizard barely misses you.
The orc priest hits you but does no damage.
The scorpion barely misses you.
Unknown command.
You slash the orc priest!
The orc priest is severely wounded.
You slash the scorpion! You barely miss the orc wizard. You slash the orc!
You kill the orc!
The scorpion barely misses you.
The orc priest hits you with a +0 morningstar!
* * * LOW HITPOINT WARNING * * *
The orc wizard completely misses you. The scorpion barely misses you.
The orc barely misses you.
The orc priest mumbles some strange prayers to Beogh against you.
You barely resist. The orc wizard closely misses you.
You barely miss the orc priest.
The orc priest is severely wounded.
You slash the orc wizard!
You kill the orc wizard!
You barely miss the orc. You barely miss the scorpion.
You block the scorpion's attack. The orc hits you but does no damage.
The orc priest hits you but does no damage.
You slash the orc priest!
You kill the orc priest!
You hit the orc but do no damage. You hit the scorpion.
The scorpion stings you.
* * * LOW HITPOINT WARNING * * *
The orc hits you but does no damage.
The scorpion stings you but does no damage.
You barely miss the orc.
The orc is almost dead.
You hit the scorpion but do no damage. The orc barely misses you.
You block the scorpion's attack. The orc hits you but does no damage.
Unknown command.
You hit the orc but do no damage.
The orc is almost dead.
You completely miss the scorpion. The scorpion stings you.
You die...

#..# #..# #..#
#.. ## #..# #.
###.###..# ##
......#..# #.
.........## ##.
..........## #..
......s.#..##
##..
<.....)@##..###
#..#
...[..)o###...##
##..# .<......#
###..## ##..##
.......##
##..###...#.
......#
##...#..##.
.....#
##.....#.. #####
##...##>.
##........
##...###...


You could see a scorpion and an orc.

Vanquished Creatures
  Sigmund (D:3)
  Crazy Yiuf (D:3)
  Ijyb (D:3)
  An orc priest (D:4)
  An orc wizard (D:4)
  2 adders
  A worm (D:3)
  3 dart slugs (D:1)
  7 orcs
  5 ball pythons
  6 endoplasms
  3 giant cockroaches
  5 goblins
  6 hobgoblins
  10 kobolds
  A quokka (D:1)
  4 bats
  3 frilled lizards
  4 rats (D:1)
65 creatures vanquished.

Vanquished Creatures (others)
  2 plants (D:3)
2 creatures vanquished.

Grand Total: 67 creatures vanquished

Notes
Turn   | Place    | Note
-------+----------+-------------------------------------------
     0 | D:1      | bande the Gargoyle Fighter began the quest for the Orb.
     0 | D:1      | Reached XP level 1. HP: 14/14 MP: 1/1
   113 | D:1      | Reached XP level 2. HP: 17/19 MP: 2/2
   319 | D:1      | Reached XP level 3. HP: 23/23 MP: 3/3
   438 | D:1      | Learned a level 2 spell: Blink
   774 | D:2      | Gained mutation: You have hidden genetic potential. [potion
                  | of mutation]
  1745 | D:3      | Reached XP level 4. HP: 29/29 MP: 4/4
  1797 | D:3      | Gained mutation: Your mind is acute. (Int +4, Str/Dex -1)
                  | [hidden potential]
  1914 | D:3      | Found Moifusiu's Book Shop.
  1914 | D:3      | Noticed Ijyb
  1918 | D:3      | Paralysed by Ijyb for 3 turns
  1938 | D:3      | Killed Ijyb
  1994 | D:3      | Found a radiant altar of Vehumet.
  2000 | D:3      | Reached skill level 1 in Translocations
  2018 | D:3      | Reached XP level 5. HP: 33/33 MP: 5/5
  2045 | D:3      | Noticed Sigmund
  2055 | D:3      | Killed Sigmund
  2056 | D:3      | Reached skill level 1 in Evocations
  2056 | D:3      | Reached XP level 6. HP: 35/38 MP: 6/6
  2070 | D:3      | Gained mutation: You are partially covered in iridescent
                  | scales. (AC +2) [hidden potential]
  2070 | D:3      | Lost mutation: You have hidden genetic potential. [hidden
                  | potential expressed]
  2169 | D:3      | Found a runed translucent door.
  2170 | D:3      | Noticed Crazy Yiuf
  2270 | D:3      | Found a faded altar of an unknown god.
  2413 | D:3      | Killed Crazy Yiuf
  2807 | D:4      | Slain by a scorpion

Illustrated notes

Levels and vault maps discovered:
D:1:      dpeg_arrival_another_circle, layout_loops_cross,
          minmay_three_crescents
D:2:      layout_basic, minmay_misc_feat_alley
D:3:      layout_rooms, vehumet_altar_wand_db, serial_shops, shop,
          shapermc_ecumenical_altar_hornbeckon, hangedman_decor_growths,
          serial_bayou_lagoon_b, uniq_sigmund, uniq_ijyb,
          uniq_crazy_yiuf_cottage
D:4:      layout_cave_pods, mainiacjoe_overflow_small_starburst,
          nicolae_yredelemnul_ghost_church, mainiacjoe_overflow_chevrons

Skill      XL: |  1  2  3  4  5 |
---------------+----------------+-----
Axes           | 2 3 |  3.9
Armour         | 4 |  4.5
Translocations | 1 |  1.9
Fighting       | 4 |  4.1
Shields        | 4 |  4.2
Evocations     | 1 |  1.3

Action                     |  1- 3 |  4- 6 || total
---------------------------+-------+-------++-------
  Melee: War axe           |    96 |    70 ||   166
    Use: Scroll            |    11 |     1 ||    12
         Potion            |     1 |     1 ||     2
 Armour: Chain mail        |    68 |    56 ||   124
         Scale mail        |     2 |       ||     2
  Dodge: Dodged            |    49 |    36 ||    85
  Block: Buckler           |    24 |    15 ||    39

Table legend: (Time is in decaauts)
 A = Elapsed time spent in this place.
 B = Non-inter-level travel time spent in this place.
 C = Inter-level travel time spent in this place.
 D = Time resting spent in this place.
 E = Time spent auto-exploring this place.
 F = Levels seen in this place.
 G = Mean time per level.
                   A        B        C        D        E       F      G
               +--------+--------+--------+--------+--------+-----+--------+
         Total |   2894 |   2794 |    100 |     33 |   2163 |   4 |  723.5 |
       Dungeon |   2894 |   2794 |    100 |     33 |   2163 |   4 |  723.5 |
               +--------+--------+--------+--------+--------+-----+--------+

Top non-repeatable levels by time:
     D:3: 943 daAuts
     D:2: 880 daAuts
     D:1: 790 daAuts
     D:4: 279 daAuts
